 Dungeon Sprint DCSS version 0.28.0-53-g5a82cb258f (webtiles) character file.

Game seed: 2925141214282194953

32653 Zeld the Sorcerer (level 13, -4/63 HPs)
             Began as a Deep Elf Conjurer on June 4, 2022.
             Was the Champion of Sif Muna.
             Slain by a hellwing (11 damage)
             ... in the Dungeon (Sprint IV: "Fedhas' Mad Dash").
             The game lasted 00:11:02 (9884 turns).

Zeld the Sorcerer (Deep Elf Conjurer)               Turns: 9884, Time: 00:11:02

Health: -4/63      AC:  2    Str:  4    XL:     13   Next: 32%
Magic:  18/45      EV: 15    Int: 29    God:    Sif Muna [******]
Gold:   24         SH:  0    Dex: 13    Spells: 13/64 levels left

rFire   . . .      SeeInvis .   (no weapon)
rCold   . . .      Faith    .   (no shield)
rNeg    . . .      Spirit   .   a - +0 robe
rPois   .          Reflect  .   (no helmet)
rElec   .          Harm     .   (no cloak)
rCorr   .          Rampage  .   (no gloves)
Will    +....      NoTele   +   (no boots)
Stlth   +.........              h - amulet of invisibility {+Inv}
HPRegen 0.20/turn               c - ring of wizardry
MPRegen 0.29/turn               (no ring)

@: no status effects
A: no striking features
0: Orb of Zot
a: Renounce Religion, Evoke Invisibility, Channel Magic, Forget Spell, Divine
Exegesis


You were in the Dungeon.
You worshipped Sif Muna.
Sif Muna was exalted by your worship.
You visited 1 branch You collected 505 gold pieces.
You spent 481 gold pieces at shops.

Inventory:

Armour
 a - a +0 robe (worn)
 n - the +0 faerie dragon scales {rElec rCorr MP-9 Str-4 Int+9}
   (You took it off the Enchantress in the Dungeon)

   Str:       It affects your strength (-4).
   Int:       It affects your intelligence (+9).
   rElec:     It insulates you from electricity.
   MP:        It affects your magic capacity (-9).
   rCorr:     It protects you from acid and corrosion.
Jewellery
 c - a ring of wizardry (left hand)
 h - the amulet of invisibility (around neck) {+Inv}
   (You found it in the Dungeon)

   [amulet of nothing]

   +Inv:      It lets you turn invisible.
Scrolls
 b - a scroll of identify {unknown}
 i - a scroll of immolation {unknown}
 l - a scroll of silence {unknown}
Potions
 d - a potion of haste
 e - a potion of magic
 f - a potion of berserk rage
 j - a potion of curing
 m - a potion of attraction {unknown}


   Skills:
 - Level 8.0 Dodging
 - Level 2.4 Stealth
 + Level 26.2 Spellcasting
 + Level 22.8 Conjurations
 - Level 2.0 Hexes
 - Level 2.0 Translocations
 * Level 18.2 Fire Magic
 - Level 12.0 Invocations


You had 13 spell levels left.
You knew the following spells:

 Your Spells              Type           Power      Damage    Failure   Level
a - Magic Dart            Conj           100%       1d8       0%          1
b - Searing Ray           Conj           100%       2d8       0%          2
c - Fulminant Prism       Conj/Hex       41%        3d20      1%          4
d - Iskenderun's Mystic   Conj/Tloc      83%        2d16      1%          4
e - Fireball              Conj/Fire      51%        3d20      0%          5
f - Starburst             Conj/Fire      51%        6d14      0%          6
g - Ignition              Fire           48%        3d14      1%          8
h - Fire Storm            Conj/Fire      51%        8d13      6%          9
x - Orb of Destruction    Conj           53%        9d13      1%          7
z - Iskenderun's Battles  Conj           100%       2d15      0%          5

Your spell library contained the following spells:

 Spells                   Type           Power      Damage    Failure   Level
 Foxfire                  Conj/Fire      100%       2x1d9     0%          1
 Scorch                   Fire           100%       2d10      0%          2
 Conjure Flame            Conj/Fire      100%       6-21      0%          3
 Dazzling Flash           Conj/Hex       100%       N/A       0%          3
 Flame Wave               Conj/Fire      100%       2d17      0%          4
 Sticky Flame             Conj/Fire      100%       2d11      0%          4
 Apportation              Tloc           98%        N/A       1%          1
 Freeze                   Ice            100%       1d11      1%          1
 Pain                     Necr           100%       1d9       1%          1
 Call Imp                 Summ           38%        N/A       1%          2
 Call Canine Familiar     Summ           38%        N/A       1%          3
 Frozen Ramparts          Ice            76%        1d9       1%          3
 Ignite Poison            Fire/Tmut/Pois 65%        N/A       1%          3
 Inner Flame              Hex/Fire       77%        N/A       1%          3
 Lesser Beckoning         Tloc           49%        N/A       1%          3
 Summon Guardian Golem    Hex/Summ       43%        N/A       1%          3
 Cause Fear               Hex            24%        N/A       1%          4
 Hailstorm                Conj/Ice       81%        3d16      1%          4
 Freezing Cloud           Conj/Ice/Air   35%        6-21      1%          5
 Irradiate                Conj/Tmut      40%        3d26      1%          5
 Conjure Ball Lightning   Conj/Air       40%        3x3d13    1%          6
 Animate Dead             Necr           19%        N/A       2%          4
 Summon Ice Beast         Ice/Summ       38%        N/A       2%          4
 Spellforged Servitor     Conj/Summ      40%        N/A       2%          7
 Agony                    Necr           38%        N/A       9%          5
 Alistair's Intoxication  Tmut/Pois      25%        N/A       9%          5
 Borgnjor's Vile Clutch   Necr/Erth      19%        N/A       9%          5
 Excruciating Wounds      Necr           19%        N/A       9%          5
 Death Channel            Necr           19%        N/A       38%         6
 Summon Cactus Giant      Summ           19%        N/A       38%         6
 Malign Gateway           Summ/Tloc      21%        N/A       82%         7
 Haunt                    Necr/Summ      19%        N/A       91%         7
 Storm Form               Tmut/Air       19%        N/A       91%         7
 Borgnjor's Revivificati  Necr           19%        N/A       100%        8
 Discord                  Hex            24%        N/A       100%        8
 Infestation              Necr           19%        N/A       100%        8
 Death's Door             Necr           19%        N/A       100%        9


Dungeon Overview and Level Annotations

Branches:
Dungeon (1/1)

Altars:
Cheibriados
Dithmenos
Elyvilon
Gozag
Hepliaklqana
Kikubaaqudgha
Makhleb
Nemelex Xobeh
Okawaru
Qazlal
Ru
Sif Muna
Trog
Uskayaw
Vehumet
Wu Jian
Xom
Yredelemnul
Zin
The Shining One
Beogh
Jiyva
Lugonu

Shops:
D :(=*(*!:*:(?(=[*(:


Message History

Sif Muna accepts your kill.
The mystic blast hits the smoke demon!!
The smoke demon is severely wounded.
The smoke demon is knocked back by the mystic blast.
The mystic blast hits the hellwing!
The hellwing is moderately wounded.
The hellwing is knocked back by the mystic blast.
Your Fire Magic skill increases to level 18!
Unknown command.
Unknown command.
Casting: Iskenderun's Mystic Blast (safe; 1% risk of failure)
Confirm with . or Enter, or press ? or * to list all spells.
You erupt in a blast of force!
The mystic blast hits the hellwing.
The hellwing is lightly wounded.
The hellwing is knocked back by the mystic blast.
The mystic blast hits the smoke demon!
You kill the smoke demon!
Sif Muna accepts your kill.
The mystic blast hits the hellwing.
The hellwing is moderately wounded.
The hellwing is knocked back by the mystic blast.
The mystic blast hits the hellwing but does no damage.
The hellwing hits you!
* * * LOW HITPOINT WARNING * * *
The hellwing hits you.
* * * LOW HITPOINT WARNING * * *
Unknown command.
Unknown command.
Unknown command.
Casting: Iskenderun's Mystic Blast (safe; 1% risk of failure)
Confirm with . or Enter, or press ? or * to list all spells.
You erupt in a blast of force!
The mystic blast hits the hellwing!
The hellwing is heavily wounded.
The hellwing is knocked back by the mystic blast.
The mystic blast hits the hellwing!
The hellwing is moderately wounded.
The hellwing is knocked back by the mystic blast.
The hellwing swoops through the air toward you!
The hellwing hits you!
You die...

....♣..♣..######♣♣♣♣♣..♣.###.'.('
'####'######.|'......♣..♣##..#..#
.#....'.......#♣..♣♣♣.♣).###.##'#
[#.)###.......#.♣♣..♣.=.♣'...#♣..
##############################..)
.................4.# ###...).
..........)....4.P.#####.......
.........v......)...).......♣..
...........).4@......##########
######'############## #######
#..........# ###..#####...∩∩##
#.....2.P..# #....'.........##
###......### #....#####P....'.
###...## ##....# ########
#....####.)...#####∩∩∩#...
#v.........2..'....∩.∩'...
#.............#####∩∩∩#...


You could see 3 hellwings and a friendly fire vortex.

Vanquished Creatures
  the Enchantress (D)
  Agnes (D)
  A ghost moth (D)
  6 spriggan defenders (D)
  A reaper (D)
  A blizzard demon (D)
  5 spriggan berserkers (D)
  4 spriggan druids (D)
  25 oklob plants (D)
  3 moths of wrath (D)
  A smoke demon (D)
  3 demonic crawlers (D)
  A red devil (D)
  3 burning bushes (D)
  2 queen bees (D)
  3 wandering mushrooms (D)
  9 hornets (D)
  4 scorpions (D)
  4 killer bees (D)
  5 oklob saplings (D)
  11 spriggans (D)
  A river rat (D)
  A rat (D)
  A ballistomycete spore (D)
  3 bushes (D)
100 creatures vanquished.

Vanquished Creatures (others)
  A fire vortex (D)
  16 fulminant prisms (D)
  10 fungi (D)
27 creatures vanquished.

Grand Total: 127 creatures vanquished

Notes
Turn   | Place    | Note
-------+----------+-------------------------------------------
     0 | D        | Zeld the Deep Elf Conjurer began the quest for the Orb.
     0 | D        | Reached XP level 1. HP: 10/10 MP: 6/6
     8 | D        | Reached skill level 4 in Spellcasting
     8 | D        | Reached XP level 2. HP: 15/15 MP: 2/9
    16 | D        | Learned a level 2 spell: Searing Ray
   201 | D        | Noticed an oklob sapling
   203 | D        | Noticed a scorpion
   210 | D        | Killed a scorpion
   211 | D        | Reached skill level 7 in Spellcasting
   211 | D        | Reached XP level 3. HP: 19/19 MP: 5/14
   211 | D        | Reached XP level 4. HP: 24/24 MP: 5/15
   216 | D        | Learned a level 4 spell: Fulminant Prism
   221 | D        | Learned a level 4 spell: Iskenderun's Mystic Blast
   283 | D        | Reached skill level 8 in Spellcasting
   415 | D        | Found the amulet of invisibility {+Inv}
   683 | D        | Found an opulent altar of Gozag.
   683 | D        | Found a hazy altar of Hepliaklqana.
   683 | D        | Found a burning altar of Makhleb.
   683 | D        | Found a sparkling altar of Nemelex Xobeh.
   683 | D        | Found a snail-covered altar of Cheibriados.
   683 | D        | Found a sacrificial altar of Ru.
   683 | D        | Found a shimmering blue altar of Sif Muna.
   683 | D        | Found a shimmering altar of Xom.
   683 | D        | Found a basalt altar of Yredelemnul.
   685 | D        | Found a viscous altar of Jiyva.
   685 | D        | Found a bloodstained altar of Trog.
   685 | D        | Found an ornate altar of the Wu Jian Council.
   686 | D        | Found an iron altar of Okawaru.
   686 | D        | Found a glowing silver altar of Zin.
   686 | D        | Found a shadowy altar of Dithmenos.
   687 | D        | Found a hide-covered altar of Uskayaw.
   687 | D        | Found an ancient bone altar of Kikubaaqudgha.
   688 | D        | Found a glowing golden altar of the Shining One.
   688 | D        | Found a stormy altar of Qazlal.
   688 | D        | Found a white marble altar of Elyvilon.
   689 | D        | Found a radiant altar of Vehumet.
   689 | D        | Found a corrupted altar of Lugonu.
   694 | D        | Became a worshipper of Sif Muna the Loreminder
  1027 | D        | Noticed a queen bee
  1035 | D        | Reached skill level 9 in Spellcasting
  1035 | D        | Reached XP level 5. HP: 28/28 MP: 8/19
  1036 | D        | Reached * piety under Sif Muna
  1039 | D        | Reached skill level 10 in Spellcasting
  1039 | D        | Reached XP level 6. HP: 26/32 MP: 0/21
  1072 | D        | Killed a queen bee
  1073 | D        | Reached skill level 12 in Spellcasting
  1073 | D        | Reached XP level 7. HP: 20/36 MP: 3/24
  1408 | D        | Noticed an oklob plant
  1679 | D        | Killed an oklob plant
  1679 | D        | Reached ** piety under Sif Muna
  1680 | D        | Reached skill level 13 in Spellcasting
  1808 | D        | Noticed a burning bush
  1815 | D        | Killed a burning bush
  1816 | D        | Reached XP level 8. HP: 28/41 MP: 19/27
  1859 | D        | Reached skill level 14 in Spellcasting
  1958 | D        | Learned a level 3 spell: Frozen Ramparts
  2056 | D        | Reached *** piety under Sif Muna
  2164 | D        | Found Vimn's Magic Scroll Shop.
  2164 | D        | Found Hebuz's Weapon Emporium.
  2301 | D        | Noticed a burning bush
  2301 | D        | Noticed a wandering mushroom
  2302 | D        | Noticed a wandering mushroom
  2309 | D        | Killed a wandering mushroom
  2310 | D        | Killed a wandering mushroom
  2310 | D        | Reached **** piety under Sif Muna
  2311 | D        | Reached skill level 10 in Invocations
  2512 | D        | Killed a burning bush
  2513 | D        | Reached skill level 15 in Spellcasting
  2513 | D        | Reached XP level 9. HP: 7/45 MP: 10/30
  2767 | D        | Found Lestucut's General Store.
  2767 | D        | Found Luenaerr's Antique Armour Shoppe.
  2778 | D        | Bought 2 potions of curing for 66 gold pieces
  2778 | D        | Bought a potion of heal wounds for 55 gold pieces
  2819 | D        | Noticed a burning bush
  2819 | D        | Noticed an oklob plant
  2820 | D        | Noticed a wandering mushroom
  3032 | D        | Killed a burning bush
  3240 | D        | Killed a wandering mushroom
  3240 | D        | Reached ***** piety under Sif Muna
  3247 | D        | Killed an oklob plant
  3247 | D        | Received a gift from Sif Muna
  3248 | D        | Reached skill level 16 in Spellcasting
  3250 | D        | Got Sif Muna's Tome of Conjuration {god gift}
  3259 | D        | Learned a level 5 spell: Fireball
  3478 | D        | Noticed a spriggan druid
  3480 | D        | Killed a spriggan druid
  3481 | D        | Reached skill level 17 in Spellcasting
  3481 | D        | Reached skill level 15 in Conjurations
  3600 | D        | Noticed an oklob plant conjurer
  3603 | D        | Killed an oklob plant conjurer
  3803 | D        | Noticed an oklob plant
  3803 | D        | Noticed an oklob plant summoner
  3804 | D        | Noticed an oklob plant shifter
  3808 | D        | Killed an oklob plant shifter
  3809 | D        | Reached XP level 10. HP: 50/50 MP: 17/33
  3810 | D        | Killed an oklob plant summoner
  3811 | D        | Reached skill level 18 in Spellcasting
  3957 | D        | Killed an oklob plant
  4062 | D        | Noticed a spriggan rider
  4068 | D        | Killed a spriggan rider
  4069 | D        | Reached skill level 19 in Spellcasting
  4073 | D        | Found Bupiemao's Antique Weapon Emporium.
  4078 | D        | Found Satoer's Book Shoppe.
  4291 | D        | Noticed Agnes
  4293 | D        | Noticed a spriggan berserker
  4298 | D        | Killed a spriggan berserker
  4299 | D        | Reached skill level 20 in Spellcasting
  4299 | D        | Killed Agnes
  4299 | D        | Received a gift from Sif Muna
  4299 | D        | Found Oninlak's Antique Weapon Emporium.
  4299 | D        | Found Fouh's Jewellery Shoppe.
  4300 | D        | Reached skill level 21 in Spellcasting
  4427 | D        | Got Sif Muna's Disquisition on Combat Magic {god gift}
  4435 | D        | Learned a level 6 spell: Starburst
  4441 | D        | Learned a level 5 spell: Iskenderun's Battlesphere
  4443 | D        | Noticed a spriggan defender
  4448 | D        | Killed a spriggan defender
  4449 | D        | Reached XP level 11. HP: 54/54 MP: 22/38
  4684 | D        | Noticed a spriggan rider
  4688 | D        | Killed a spriggan rider
  5067 | D        | Noticed an oklob plant shifter
  5067 | D        | Noticed an oklob plant meteorologist
  5070 | D        | Killed an oklob plant meteorologist
  5071 | D        | Reached skill level 22 in Spellcasting
  5238 | D        | Killed an oklob plant shifter
  5238 | D        | Received a gift from Sif Muna
  5250 | D        | Learned a level 7 spell: Orb of Destruction
  5383 | D        | Noticed a spriggan rider
  5386 | D        | Reached skill level 1 in Fire Magic
  5546 | D        | Found Sequh's Weapon Shoppe.
  5546 | D        | Found Ogureost's Jewellery Boutique.
  5546 | D        | Found Gufooh's Book Shop.
  5546 | D        | Found Emojeh's Antique Weapon Emporium.
  5546 | D        | Found Qoilujy's Assorted Antiques.
  5547 | D        | Found Nygroon's Distillery.
  5547 | D        | Found Fasiowebue's Book Shop.
  5547 | D        | Found Tamauxu's General Store.
  5559 | D        | Bought a potion of heal wounds for 120 gold pieces
  5559 | D        | Bought a potion of haste for 240 gold pieces
  5570 | D        | Noticed an oklob plant
  5570 | D        | Noticed an oklob plant
  5570 | D        | Noticed an oklob plant
  5570 | D        | Noticed an oklob plant
  5570 | D        | Noticed an oklob plant
  5570 | D        | Noticed an oklob plant
  5576 | D        | Killed an oklob plant
  5576 | D        | Received a gift from Sif Muna
  5576 | D        | Killed an oklob plant
  5577 | D        | Killed an oklob plant
  5667 | D        | Noticed an oklob plant
  5668 | D        | Noticed an oklob plant
  5669 | D        | Noticed an oklob plant
  5672 | D        | Killed an oklob plant
  5673 | D        | Killed an oklob plant
  5674 | D        | Reached skill level 23 in Spellcasting
  5674 | D        | Noticed an oklob plant
  5675 | D        | Killed an oklob plant
  5676 | D        | Killed an oklob plant
  5678 | D        | Killed an oklob plant
  5678 | D        | Received a gift from Sif Muna
  5859 | D        | Noticed an oklob plant
  5860 | D        | Noticed an oklob plant
  5863 | D        | Killed an oklob plant
  5863 | D        | Killed an oklob plant
  5863 | D        | Killed an oklob plant
  5864 | D        | Reached skill level 10 in Fire Magic
  5867 | D        | Killed an oklob plant
  5868 | D        | Reached XP level 12. HP: 59/59 MP: 16/41
  5872 | D        | Got Sif Muna's Guide on Unholy Displacement {god gift}
  6179 | D        | Noticed a spriggan defender
  6179 | D        | Noticed a spriggan defender
  6185 | D        | Killed a spriggan defender
  6187 | D        | Killed a spriggan defender
  6189 | D        | Reached skill level 24 in Spellcasting
  6500 | D        | Found Jaefeb's Assorted Antiques.
  6501 | D        | Found Ogya's Book Shop.
  6513 | D        | Got Maitreig's Reference Book on Black Magic
  6553 | D        | Received a gift from Sif Muna
  6557 | D        | Got Sif Muna's Reference Book on the Captivating Entourage
                  | {god gift}
  6652 | D        | Identified the amulet of Levity {Reflect Rampage SH+5}
  6908 | D        | Noticed a death yak
  7201 | D        | Reached ****** piety under Sif Muna
  7519 | D        | Noticed a spriggan defender
  7522 | D        | Received a gift from Sif Muna
  7522 | D        | Killed a spriggan defender
  7523 | D        | Got Sif Muna's Incunabulum of Gliding Combat Magic {god
                  | gift}
  7764 | D        | Noticed the Enchantress
  7770 | D        | Killed the Enchantress
  7771 | D        | Reached skill level 25 in Spellcasting
  7771 | D        | Reached skill level 15 in Fire Magic
  8722 | D        | Received a gift from Sif Muna
  8727 | D        | Reached XP level 13. HP: 14/63 MP: 8/44
  8729 | D        | Got Sif Muna's Reference Book on Creative Dark Rites {god
                  | gift}
  8984 | D        | Killed a ghost moth
  9267 | D        | Received a gift from Sif Muna
  9269 | D        | Noticed a spriggan defender
  9270 | D        | Got Boruaf's Volume of the Arsonist {god gift}
  9272 | D        | Noticed a spriggan defender
  9274 | D        | Killed a spriggan defender
  9276 | D        | Killed a spriggan defender
  9580 | D        | Learned a level 8 spell: Ignition
  9590 | D        | Learned a level 9 spell: Fire Storm
  9726 | D        | Got the Orb of Zot
  9799 | D        | Noticed a blizzard demon
  9864 | D        | Reached skill level 26 in Spellcasting
  9866 | D        | Killed a blizzard demon
  9873 | D        | Noticed a reaper
  9881 | D        | Killed a reaper
  9884 | D        | Slain by a hellwing

Illustrated notes

Levels and vault maps discovered:
D:        dungeon_sprint_fedhas [sprint_temple]

Skill      XL: |  1  2  3  4  5  6  7  8  9 10 11 12 13 |
---------------+----------------------------------------+-----
Spellcasting   | 4 7 9 10 12 13 15 17 21 23 25 26 | 26.2
Hexes          | 2 |  2.0
Translocations | 2 |  2.0
Conjurations   | 7 8 9 11 12 13 15 18 20 22 | 22.8
Dodging        | 7 8 |  8.0
Invocations    | 7 10 12 | 12.0
Fire Magic     | 10 16 18 | 18.2
Stealth        | |  2.4

Action                   |  1- 3 |  4- 6 |  7- 9 | 10-12 | 13-15 || total
-------------------------+-------+-------+-------+-------+-------++-------
 Cast: Magic Dart        |     5 |       |     5 |     8 |       ||    18
       Searing Ray       |     1 |     3 |     6 |       |       ||    10
       Iskenderun's Myst |       |     8 |    18 |    38 |    11 ||    75
       Fulminant Prism   |       |     1 |    13 |     2 |       ||    16
       Frozen Ramparts   |       |       |     3 |       |       ||     3
       Fireball          |       |       |     5 |    75 |     9 ||    89
       Iskenderun's Batt |       |       |       |     1 |       ||     1
       Fire Storm        |       |       |       |       |     2 ||     2
       Ignition          |       |       |       |       |     1 ||     1
Invok: Forget Spell      |       |       |     1 |       |       ||     1
       Channel Magic     |       |       |       |     2 |     1 ||     3
 Abil: Evoke Invisibilit |       |     3 |    10 |    13 |     1 ||    27
  Use: Potion            |       |     3 |       |     1 |     4 ||     8
       Scroll            |       |       |       |       |     1 ||     1
Armor: Robe              |       |       |       |     1 |       ||     1
Dodge: Dodged            |       |     4 |     9 |    11 |     1 ||    25
